AoeStats
← 1121343787

Highland

504723687Analyzed
2v2 RM · 24d ago on Sep 6, 2026· 31m 13s· 4 players
Game mode
Random Map
Map size
Medium (4 player)
Population
200
Speed
Normal
Resources
Standard
Victory
Conquest
Starting age
Dark Age
Ending age
Imperial Age
RankedLock teamsTeams togetherTeam positionsShared explorationLock speedFull tech treeHidden civsTurbo modeCheats
Victory
Defeat
🇩🇪 Vikings · Germany
794
+20
🇩🇪 Burgundians · Germany
793
+20
🇨🇳 Berbers · China
927
-70
🇨🇳 Cumans · China
831
-31
Hynix911
12:47 Feudal Age
11:56 Double-Bit Axe
11:54 Horse Collar
13:52 Bow Saw
18:09 Castle Age
16:22 Stone Mining
23:01 Heavy Plow
22:54 Gold Mining
23:51 Burgundian Vineyards
24:30 Forging
29:08 Two-Man Saw
28:40 Crop Rotation
NiggoPuschel92
13:26 Feudal Age
13:51 Double-Bit Axe
13:47 Horse Collar
20:41 Castle Age
19:12 Stone Mining
19:12 Fishing Lines
20:03 Gold Mining
23:31 Gillnets
25:15 Gold Shaft Mining
28:17 Imperial Age
27:15 Heavy Plow
29:15 Chieftains
29:36 Conscription
30:06 Arson
30:22 Squires
30:14 Elite Berserk
1665397190
11:18 Feudal Age
13:08 Wheelbarrow
18:12 Castle Age
19:30 Wheelbarrow
23:06 Double-Bit Axe
25:17 Bow Saw
26:55 Gold Mining
26:55 Stone Mining
28:23 Hand Cart
1121343787
16:58 Feudal Age
23:16 Gold Mining
Connection lost

Rejoining the realm…

Still unreachable

The connection could not be restored.

Session expired

The server has moved on; the page needs a fresh start.